 Dungeon Crawl Stone Soup version 0.20.1-1-g8b1a95d66d (webtiles) character file.

21 NullDivider the Charlatan (level 2, -4/18 HPs)
             Began as an Octopode Artificer on Nov 24, 2017.
             Slain by a goblin
             ... wielding a +0 club
             ... led by Robin
              (6 damage)
             ... on level 1 of the Dungeon.
             The game lasted 00:02:49 (971 turns).

NullDivider the Charlatan (Octopode Artificer)       Turns: 971, Time: 00:02:49

Health: -4/18      AC:  1    Str: 11    XL:     2   Next: 83%
Magic:  4/4        EV: 13    Int: 13    God:
Gold:   23         SH:  0    Dex: 12    Spells: 1/1 levels left

rFire    . . .     SeeInvis .   h - +0 dagger
rCold    . . .     Gourm    .   (no shield)
rNeg     . . .     Faith    .   (helmet restricted)
rPois    .         Spirit   .   (no amulet)
rElec    .         Reflect  .   (no ring)
rCorr    .         Harm     .   (no ring)
MR       .....                  (no ring)
Stlth    +++.......             (no ring)
Regen    0.1/turn               (no ring)
MPRegen  0.1/turn               (no ring)
                                (no ring)
                                (no ring)

@: no status effects
A: almost no armour, stealthy swim, amphibious, 8 rings, constrict 8, camouflage
1, gelatinous body 1
a: no special abilities


You were on level 1 of the Dungeon.
You were not hungry.

You visited 1 branch of the dungeon, and saw 2 of its levels.

You collected 23 gold pieces.

Inventory:

Hand Weapons
 h - a +0 dagger (weapon)
Wands
 b - a wand of flame (15/48)
 c - a wand of enslavement (15/24)
 d - a wand of random effects (15/48)
Scrolls
 e - a scroll of recharging {unknown}
 g - 3 scrolls of enchant weapon {unknown}
 i - a scroll of teleportation {unknown}
 j - a scroll of fear {unknown}
Potions
 a - a potion of berserk rage {unknown}
Comestibles
 f - a bread ration
 k - a royal jelly
 l - 8 chunks of flesh


   Skills:
 + Level 1.4 Fighting
 + Level 1.1 Short Blades
 + Level 2.1 Dodging
 * Level 2.5 Stealth
 + Level 3.6 Evocations


You had one spell level left.
You didn't know any spells.

Dungeon Overview and Level Annotations

Branches:
Dungeon (2/15)

Altars:
Ashenzari

Annotations:
D:2 Robin


Innate Abilities, Weirdness & Mutations

You cannot wear most types of armour.
You are very stealthy in the water. (Stealth+)
You are amphibious.
You can wear up to eight rings at the same time.
You can use your tentacles to constrict eight enemies at once.
Your skin changes colour to match your surroundings (Stealth+).
Your rubbery body absorbs attacks. (AC +1, EV +1)


Message History

You hit the goblin.
You kill the goblin!
The goblin unwields an uncursed club.
The goblin wields a hunting sling.
The goblin shoots a stone.
The stone closely misses you.
The goblin unwields an uncursed hunting sling.
The goblin wields an uncursed club.
The goblin hits you with an uncursed club.
Things that are here:
a club; a goblin corpse You closely miss the goblin.
Your grab misses the goblin. You closely miss the goblin.
Your grab misses the goblin. You squeeze the goblin.
The goblin is heavily wounded.
The goblin hits you with an uncursed club.
* * * LOW HITPOINT WARNING * * *
You closely miss the goblin. You grab the goblin.
The goblin is heavily wounded.
You constrict the goblin.
The goblin hits you with an uncursed club.
You die...

..####.## #.#
.......## #.#
..#..##.## #.#
###.##.#.## #.#
........#.# #.#
######...## #.####
##.## #รท..(#
##.## ##.##(# ###
##...###.#.#@#
..###.....#....g.#
#..........#.#.#.#
#####............#
##...###.#.#.#
##)###......#
######.# ##.#.#.#
#......# #......#
#.###### ##.#.#.#


You could see a goblin.

Vanquished Creatures
  A leopard gecko (D:1)
  A bat (D:1)
  A giant cockroach (D:1)
  6 goblins (D:1)
  4 hobgoblins (D:1)
  A ball python (D:1)
  3 rats (D:1)
17 creatures vanquished.

Notes
Turn   | Place    | Note
-------+----------+-------------------------------------------
     0 | D:1      | NullDivider the Octopode Artificer began the quest for the Orb.
     0 | D:1      | Reached XP level 1. HP: 13/13 MP: 3/3
   259 | D:1      | Found a shattered altar of Ashenzari.
   335 | D:1      | Reached XP level 2. HP: 15/18 MP: 4/4
   764 | D:2      | Noticed Robin
   971 | D:1      | Slain by a goblin

Skill      XL: |  1  2 |
---------------+-------+-----
Stealth        | 2 |  2.5
Fighting       | |  1.4
Short Blades   | |  1.1
Dodging        | |  2.1
Evocations     | |  3.6

Action                   || total
-------------------------++-------
Melee: Short sword       ||    13
       Constrict         ||    12
       Tentacles         ||     5
       Dagger            ||    24
 Stab: Sleeping          ||     4
Armor: Skin              ||     2
Dodge: Dodged            ||    30
